 Dungeon Crawl Stone Soup version 0.17-a0-1037-gbf358b4 (webtiles) character file.

36 krabocopter the Sneak (level 3, 0/18 HPs)
             Began as a Vine Stalker Assassin on May 13, 2015.
             Killed from afar by Sigmund (8 damage)
             ... with a wand of frost
             ... on level 2 of the Dungeon on May 14, 2015.
             The game lasted 00:05:26 (960 turns).

krabocopter the Sneak (Vine Stalker Assassin)        Turns: 960, Time: 00:05:27

Health: 0/18       AC:  4    Str: 13    XL:     3   Next: 37%
Magic:  0/4        EV: 17    Int: 11    God:
Gold:   54         SH:  0    Dex: 21    Spells: 0 memorised, 2 levels left

rFire  . . .     SeeInvis .     a - +2 dagger
rCold  . . .     Clarity  .     c - +0 robe
rNeg   . . .     SustAb   .     (no shield)
rPois  .         Gourm    .     p - +0 helmet
rElec  .         Spirit   +     d - +0 cloak
rCorr  .         Warding  .     (no gloves)
rMut   .         Stasis   .     (no boots)
MR     .....                    (no amulet)
Stlth  ++++......               (no ring)
                                (no ring)

@: agile, about to teleport, not resistant to hostile enchantments, stealthy
A: fangs 2, regeneration 1, magic shield, antimagic bite, no device heal 3, rot
immunity
a: no special abilities


You were on level 2 of the Dungeon.
You were not hungry.

You visited 1 branch of the dungeon, and saw 2 of its levels.

You collected 54 gold pieces.

Inventory:

Hand weapons
 a - a +2 dagger (weapon)
 b - a +0 blowgun
Missiles
 e - 8 poisoned needles
 f - 2 curare-tipped needles
Armour
 c - a +0 robe (worn)
 d - a +0 cloak (worn)
 p - a +0 helmet (worn)
Scrolls
 j - a scroll of blinking {unknown}
 m - a scroll of amnesia
Comestibles
 g - 2 bread rations
 h - 4 fruits
 o - 2 beef jerkies
 q - a meat ration
 s - a slice of pizza
 t - a chunk of flesh


   Skills:
 - Level 1.7 Fighting
 - Level 2.4 Short Blades
 - Level 1.7 Throwing
 - Level 0.7 Dodging
 + Level 5.0 Stealth


You had 2 spell levels left.
You didn't know any spells.

Dungeon Overview and Level Annotations

Branches:
Dungeon (2/15)

Altars:

Annotations:
D:2 Sigmund


Innate Abilities, Weirdness & Mutations

You have extremely sharp teeth.
Your natural rate of healing is unusually fast.
When hurt, damage is shared between your health and your magic reserves.
Your bite disrupts and absorbs the magic of your enemies.
Potions and wands cannot restore your health.
You are immune to rotting.


Message History

A puff of frost appears from out of thin air!
The puff of frost hits you!
Read which item? (? for menu, Esc to quit)
As you read the scroll labeled KOEMEH VEIRHOMEO, it crumbles to dust.
You feel forgetful for a moment.
It was a scroll of amnesia.
You hear a zap.
A puff of frost appears from out of thin air!
The puff of frost misses you. Something hits you.
Read which item? (? for menu, Esc to quit)
As you read the scroll labeled MUHEBABES, it crumbles to dust.
You feel aware of your surroundings.
It was a scroll of magic mapping.
You hear some strange, mumbled words.
Something tries to affect you, but you resist.
Read which item? (? for menu, Esc to quit)
As you read the scroll labeled XOPRUA JAKHLIBLAG, it crumbles to dust.
You feel strangely unstable.
It was a scroll of teleportation.
You hear a zap.
A puff of frost appears from out of thin air!
The puff of frost hits you!
You die...

.** #..#***************
#########..#######
#................#
#.#####.##.#####.# #.#
#<##.#####.#######*
#.#####.##..............*
#.##.......#####.######,*
#.##.#####.# #.# *,*
#.##.# #.# #@# *,* #.##.#
#.###*#{# *,* #.##.#
#...,,..# *,*
#....#####.#**#### *,****
####.......# *,,,,*
####.##.# ****,* #.##.#
*,* #.##.# **,* #.##.#
*,,*


There were no monsters in sight!

Vanquished Creatures
  2 ball pythons
  10 bats
  3 giant cockroaches (D:1)
  4 goblins
  7 hobgoblins
  4 kobolds
  A rat (D:1)
31 creatures vanquished.

Notes
Turn   | Place    | Note
--------------------------------------------------------------
     0 | D:1      | krabocopter the Vine Stalker Assassin began the quest for the Orb.
     0 | D:1      | Reached XP level 1. HP: 11/11 MP: 2/2
    69 | D:1      | Reached skill level 1 in Short Blades
    82 | D:1      | Reached XP level 2. HP: 15/15 MP: 3/3
   344 | D:1      | Reached XP level 3. HP: 14/18 MP: 2/4
   351 | D:1      | Upgraded the game from 0.17-a0-1011-gfa70bdd to 0.17-a0-1037-gbf358b4
   940 | D:2      | Reached skill level 5 in Stealth
   948 | D:2      | Noticed Sigmund
   960 | D:2      | Killed from afar by Sigmund

Vault maps used:
D:1:      erik_arrival_triangle_small, minmay_quantized
D:2:      minmay_crystal_water, uniq_sigmund

Action                   || total
-------------------------++-------
Melee: Dagger            ||    88
  Use: Scroll            ||     3
       Potion            ||     3
 Stab: Sleeping          ||     9
